 Seeded DCSS version 0.28-a0-1555-g9ae15a6949 (webtiles) character file.

Game seed: 31 (custom seed)

555 knot the Chopper (level 7, 78/78 HPs)
             Began as a Demonspawn Berserker on Jan 19, 2022.
             Was a Believer of Trog.
             Quit the game on level 5 of the Dungeon.
             The game lasted 00:04:34 (4192 turns).

knot the Chopper (Demonspawn Berserker)             Turns: 4192, Time: 00:04:35

Health: 78/78      AC:  5    Str: 17    XL:     7   Next: 8%
Magic:  7/7        EV: 12    Int: 11    God:    Trog [**....]
Gold:   163        SH:  0    Dex: 12    Spells: 6/6 levels left

rFire   . . .      SeeInvis .   a - +0 hand axe
rCold   . . .      Faith    .   (no shield)
rNeg    . . .      Spirit   .   b - +0 animal skin
rPois   .          Reflect  .   (helmet restricted)
rElec   .          Harm     .   (no cloak)
rCorr   .          Rampage  .   (no gloves)
Will    .....                   e - +0 pair of boots
Stlth   ..........              (no amulet)
HPRegen 2.23/turn               (no ring)
MPRegen 0.10/turn               (no ring)

@: berserking, very quick
A: horns 1, icy blue scales 1, powered by death 2
a: Renounce Religion, Berserk, Trog's Hand


You were on level 5 of the Dungeon.
You worshipped Trog.
Trog was pleased with you.
You visited 1 branch of the dungeon, and saw 5 of its levels.

You collected 163 gold pieces.

Inventory:

Hand Weapons
 a - a +0 hand axe (weapon)
Missiles
 d - 62 stones
 i - 4 poisoned darts (quivered)
Armour
 b - a +0 animal skin (worn)
 e - a +0 pair of boots (worn)
Jewellery
 f - a ring of poison resistance
 g - a +6 ring of strength
 n - an amulet of magic regeneration
Scrolls
 h - 3 scrolls of identify {unknown}
 j - 2 scrolls of teleportation {unknown}
 m - a scroll of amnesia {unknown}
 o - a scroll of fog {unknown}
 p - a scroll of blinking {unknown}
Potions
 c - a potion of curing {unknown}
 k - a potion of mutation {unknown}
 l - a potion of might {unknown}
 q - a potion of attraction {unknown}


   Skills:
 - Level 3.0 Fighting
 * Level 6.1 Axes
 * Level 3.9 Throwing
 - Level 1.7 Armour
 - Level 1.7 Dodging


You had 6 spell levels left.
You didn't know any spells.
Your spell library was empty.

Dungeon Overview and Level Annotations

Branches:
Dungeon (5/15)
 Temple: D:4-7

Altars:
Dithmenos
Hepliaklqana
Vehumet
Xom
Yredelemnul
Zin

Shops:
D:3 !   D:5 (


Innate Abilities, Weirdness & Mutations

You have a pair of small horns on your head.
You are partially covered in icy blue scales. (AC +2)
You regenerate health from kills.


Message History

Found a glaive.
i - 5 poisoned darts (gained 1)
Found a long sword.
i - 6 poisoned darts (gained 1);
d - 61 stones (gained 2)
d - 62 stones (gained 1)
There is an entrance to Subeth's Weapon Shoppe here.
You now have 163 gold pieces (gained 13).
There is an entrance to Subeth's Weapon Shoppe here.
j - 2 scrolls labelled HEBBERO BATWU (gained 1)
Found a stone staircase leading up and a stone staircase leading down.
A water moccasin comes into view.
Found an escape hatch in the floor.
A water moccasin is nearby!
Throw: 6 darts (poison)
Press: ? - help, Q - select action, (/) - cycle Shift-Dir - straight line, f - water moccasin
Aim: a water moccasin (asleep, 98% to hit)
You throw a poisoned dart.
The poisoned dart hits the water moccasin!
The water moccasin is poisoned.
The water moccasin hisses angrily.
Throw: 5 darts (poison)
Press: ? - help, Q - select action, (/) - cycle Shift-Dir - straight line, f/p - water moccasin
Aim: a water moccasin (lightly wounded, very poisoned, 40% to hit)
You throw a poisoned dart.
The poisoned dart hits the water moccasin.
The water moccasin looks even sicker.
The water moccasin is lightly wounded.
A red film seems to cover your vision as you go berserk!
You feel yourself moving faster!
You feel mighty! The water moccasin bites you.
You miss the water moccasin. You headbutt the water moccasin.
The water moccasin is heavily wounded.
The water moccasin bites you.
You slash the water moccasin! You headbutt the water moccasin.
You kill the water moccasin!
Trog accepts your kill.
Your Axes skill increases to level 6!
You have reached level 7!
Your demonic ancestry asserts itself...
Icy blue scales grow over part of your body.
Are you sure you want to abandon this character and quit the game? (Confirm with "yes".)

> ...( .. #.## .. #...
..##...#...# ...#..(
..........# ....... ....
#...# #!..### #.. ##..#
#.## ..#.....####.###..#
##..##
.<........##..#....###....#
.........†.#...............
..........@....##..........
.............#####.........
.......##...#####..........
............###...<........
....#.......).#..#)........
..###.##...∩...##))......#
... ##.##.............. .$
#................#
#.................#


There were no monsters in sight!

Vanquished Creatures
  A water moccasin (D:5)
  2 ogres (D:4)
  A scorpion (D:4)
  A water moccasin skeleton (D:4)
  A hound (D:4)
  An orc priest (D:5)
  A howler monkey skeleton (D:5)
  4 adders
  An adder skeleton (D:4)
  The ghost of psuckher the Sneak, a weakling DrDe (D:4)
  A dart slug (D:2)
  5 orcs
  8 ball pythons
  5 endoplasms
  5 giant cockroaches
  2 goblins (D:2)
  5 hobgoblins
  4 jackals (D:1)
  4 quokkas
  5 bats
  2 frilled lizards
  4 kobolds
  8 rats
72 creatures vanquished.

Notes
Turn   | Place    | Note
-------+----------+-------------------------------------------
     0 | D:1      | knot the Demonspawn Berserker began the quest for the Orb.
     0 | D:1      | Reached XP level 1. HP: 18/18 MP: 1/1
   186 | D:1      | Reached skill level 3 in Axes
   667 | D:1      | Gained mutation: You have a pair of small horns on your
                  | head. [demonic ancestry]
   667 | D:1      | Reached XP level 2. HP: 24/24 MP: 2/2
  1326 | D:2      | Gained mutation: You regenerate a little health from kills.
                  | [demonic ancestry]
  1326 | D:2      | Reached XP level 3. HP: 28/29 MP: 3/3
  1360 | D:2      | Reached skill level 4 in Axes
  1436 | D:2      | Reached ** piety under Trog
  1712 | D:2      | Found a faded altar of an unknown god.
  1836 | D:2      | Gained mutation: You regenerate health from kills. [demonic
                  | ancestry]
  1836 | D:2      | Reached XP level 4. HP: 31/35 MP: 4/4
  2080 | D:3      | Found Saberiv's Distillery.
  2589 | D:4      | Noticed a scorpion
  2595 | D:4      | Reached skill level 1 in Throwing
  2595 | D:4      | Killed a scorpion
  2596 | D:4      | Reached XP level 5. HP: 41/41 MP: 5/5
  2637 | D:4      | Reached skill level 5 in Axes
  2939 | D:4      | Noticed psuckher's ghost (weakling DrDe)
  2939 | D:4      | Noticed an ogre
  2940 | D:4      | Found a transporter.
  2940 | D:4      | Found a transporter.
  2940 | D:4      | Noticed an ogre
  3001 | D:4      | Killed psuckher's ghost
  3254 | D:4      | Killed an ogre
  3255 | D:4      | Reached XP level 6. HP: 11/47 MP: 6/6
  3701 | D:4      | Found a shimmering altar of Xom.
  3703 | D:4      | Found a hazy altar of Hepliaklqana.
  3705 | D:4      | Found a radiant altar of Vehumet.
  3705 | D:4      | Found a shadowy altar of Dithmenos.
  3705 | D:4      | Found a basalt altar of Yredelemnul.
  3972 | D:5      | Entered Level 5 of the Dungeon
  3972 | D:5      | Found Subeth's Weapon Shoppe.
  4183 | D:5      | Noticed a water moccasin
  4191 | D:5      | Killed a water moccasin
  4192 | D:5      | Reached skill level 6 in Axes
  4192 | D:5      | Gained mutation: You are partially covered in icy blue
                  | scales. (AC +2) [demonic ancestry]
  4192 | D:5      | Reached XP level 7. HP: 52/52 MP: 7/7
  4192 | D:5      | Quit the game

Illustrated notes

Levels and vault maps discovered:
D:1:      mrwooster_arrival_statue_3, layout_loops_corners
D:2:      layout_basic, ebering_ecumenical_altar_sacrificial
D:3:      layout_rooms, serial_shops, shop, kennysheep_decorative_pillar
D:4:      layout_loops_ring, doesnt_xom_only_xom, gammafunk_ghost_smash
D:5:      layout_cave_pools, minmay_temple_entry_enclosed_plants, serial_shops,
          nicolae_shop_hallway_plus, kennysheep_little_box, shop,
          nicolae_shop_hallway_stairs, shop, uniq_prince_ribbit1, uniq_edmund

Skill      XL: |  1  2  3  4  5  6 |
---------------+-------------------+-----
Axes           | 3 4 5 6 |  6.1
Throwing       | 1 3 |  3.9
Fighting       | |  3.0
Armour         | |  1.7
Dodging        | |  1.7

Action                   |  1- 3 |  4- 6 |  7- 9 || total
-------------------------+-------+-------+-------++-------
Melee: Hand axe          |    96 |   104 |       ||   200
       Headbutt          |    10 |    17 |       ||    27
       Punch             |       |     2 |       ||     2
Throw: Dart              |       |    24 |       ||    24
       Stone             |       |    14 |       ||    14
Invok: Berserk           |     1 |     5 |       ||     6
 Stab: Sleeping          |     2 |       |       ||     2
Armor: Animal skin       |    20 |    24 |       ||    44
Dodge: Dodged            |    84 |    65 |       ||   149

Table legend: (Time is in decaauts)
 A = Elapsed time spent in this place.
 B = Non-inter-level travel time spent in this place.
 C = Inter-level travel time spent in this place.
 D = Time resting spent in this place.
 E = Time spent auto-exploring this place.
 F = Levels seen in this place.
 G = Mean time per level.
                   A        B        C        D        E       F      G
               +--------+--------+--------+--------+--------+-----+--------+
         Total |   4262 |   4143 |    119 |   1256 |   2321 |   5 |  852.4 |
       Dungeon |   4262 |   4143 |    119 |   1256 |   2321 |   5 |  852.4 |
               +--------+--------+--------+--------+--------+-----+--------+

Top non-repeatable levels by time:
     D:4: 1419 daAuts
     D:1: 1174 daAuts
     D:2: 928 daAuts
     D:3: 512 daAuts
     D:5: 226 daAuts
